 Dungeon Crawl Stone Soup version 0.22-a0-307-g2b15929 (webtiles) character file.

527 xccam the Chopper (level 7, -11/52 HPs)
             Began as a Formicid Fighter on Apr 1, 2018.
             Mangled by an ogre
             ... wielding a +0 giant spiked club
              (21 damage)
             ... on level 4 of the Dungeon.
             The game lasted 00:04:22 (2850 turns).

xccam the Chopper (Formicid Fighter)                Turns: 2850, Time: 00:04:23

Health: -11/52     AC:  8    Str: 23    XL:     7   Next: 47%
Magic:  7/7        EV:  8    Int: 10    God:
Gold:   216        SH:  9    Dex: 10    Spells: 6/6 levels left

rFire    . . .     SeeInvis +   a - +0 war axe
rCold    . . .     Gourm    .   c - +0 shield
rNeg     . . .     Faith    .   b - +0 scale mail
rPois    .         Spirit   .   (helmet unavailable)
rElec    .         Reflect  .   t - +0 cloak
rCorr    .         Harm     +   (no gloves)
MR       .....                  (no boots)
Stlth    ..........             o - amulet of harm
HPRegen  0.17/turn              i - +3 ring of intelligence
MPRegen  0.10/turn              (no ring)

@: no status effects
A: permanent stasis, dig shafts and tunnels, four strong arms, antennae 3
a: Dig, Shaft Self


You were on level 4 of the Dungeon.
You were not hungry.

You visited 1 branch of the dungeon, and saw 4 of its levels.

You collected 216 gold pieces.

Inventory:

Hand Weapons
 a - a +0 war axe (weapon)
Armour
 b - a +0 scale mail (worn)
 c - a +0 shield (worn)
 t - a +0 cloak (worn)
Jewellery
 i - a +3 ring of intelligence (left hand)
 o - an amulet of harm (around neck)
Wands
 q - a wand of polymorph (17)
 u - a wand of flame (26)
Scrolls
 e - a scroll of identify {unknown}
 g - 5 scrolls of remove curse {unknown}
 h - 2 scrolls of teleportation {unknown}
 k - 2 scrolls of noise {unknown}
 n - a scroll of immolation {unknown}
 r - a scroll of enchant weapon {unknown}
Potions
 d - a potion of might
 j - 3 potions of curing {unknown}
 l - a potion of lignification {unknown}
 m - 2 potions of degeneration {unknown}
 p - a potion of resistance {unknown}
 s - a potion of brilliance {unknown}
Comestibles
 f - 6 rations
 v - 4 chunks of flesh


   Skills:
 - Level 3.2 Fighting
 + Level 7.7 Axes
 - Level 3.2 Armour
 - Level 3.6 Shields


You had 6 spell levels left.
You didn't know any spells.

Dungeon Overview and Level Annotations

Branches:
Dungeon (4/15)
 Temple: D:4-7

Altars:
Nemelex Xobeh
Ru


Innate Abilities, Weirdness & Mutations

You cannot be hasted, slowed, berserked, paralysed or teleported.
You can dig through walls and to a lower floor.
Your four strong arms can wield two-handed weapons with a shield.
You have a pair of large antennae on your head. (SInv)


Message History

The ogre is severely wounded.
The ogre hits you with a giant spiked club!!
* * * LOW HITPOINT WARNING * * *
You are too injured to fight recklessly!
You are too injured to fight recklessly!
You are too injured to fight recklessly!
You are too injured to fight recklessly!
You are too injured to fight recklessly!
You are too injured to fight recklessly!
You are too injured to fight recklessly!
You are too injured to fight recklessly!
You are too injured to fight recklessly!
You are too injured to fight recklessly!
You are too injured to fight recklessly!
You are too injured to fight recklessly!
You are too injured to fight recklessly!
You hit the ogre.
The ogre is almost dead.
The ogre hits you with a giant spiked club!!
You die...

#.# #.#...... ... #.#
#.#.....# ....
#.#####.#<#.#.# ....###
#.........#...# .......
#######.#.#.###
.......#########.#......
...o...+...........#.###
#......###.......#...###
+.....O@................
#.................#..###
#.................##....
#.................##..#.
#.................##....
..................###...
...................####..
........#...#..###..###..
.........#.....##.##..##..


You could see an ogre and an orc.

Vanquished Creatures
  An ogre (D:4)
  Blork the orc (D:4)
  A crimson imp (D:4)
  2 orc wizards (D:4)
  Crazy Yiuf (D:3)
  3 worker ants
  3 gnolls (D:3)
  5 adders
  An ooze (D:3)
  3 worms
  3 dart slugs
  4 leopard geckos
  8 orcs
  7 giant cockroaches
  7 goblins
  5 hobgoblins
  19 jackals
  7 kobolds
  2 quokkas (D:3)
  2 ball pythons
  5 bats
  7 frilled lizards
  A leopard gecko skeleton (D:4)
  3 rats
  3 plants (D:1)
104 creatures vanquished.

Notes
Turn   | Place    | Note
-------+----------+-------------------------------------------
     0 | D:1      | xccam the Formicid Fighter began the quest for the Orb.
     0 | D:1      | Reached XP level 1. HP: 18/18 MP: 1/1
   132 | D:1      | Reached XP level 2. HP: 17/24 MP: 2/2
   204 | D:1      | Reached skill level 3 in Axes
   427 | D:1      | Reached XP level 3. HP: 26/29 MP: 3/3
   730 | D:2      | Reached skill level 4 in Axes
   730 | D:2      | Reached XP level 4. HP: 35/35 MP: 4/4
  1179 | D:3      | Reached XP level 5. HP: 23/41 MP: 5/5
  1208 | D:3      | Reached skill level 5 in Axes
  1555 | D:3      | Found a runed door.
  1703 | D:3      | Found a sacrificial altar of Ru.
  1739 | D:3      | Reached XP level 6. HP: 47/47 MP: 6/6
  1975 | D:3      | Noticed Crazy Yiuf
  1977 | D:3      | Killed Crazy Yiuf
  1977 | D:3      | Reached skill level 6 in Axes
  2511 | D:4      | Noticed an ogre
  2516 | D:4      | Killed an ogre
  2516 | D:4      | Reached skill level 7 in Axes
  2516 | D:4      | Reached XP level 7. HP: 22/52 MP: 7/7
  2705 | D:4      | Found a sparkling altar of Nemelex Xobeh.
  2737 | D:4      | Noticed Blork the orc
  2749 | D:4      | Killed Blork the orc
  2850 | D:4      | Mangled by an ogre

Vault maps used:
D:1:      scummos_arrival_gate, serial_bayou_lagoon_b
D:2:      minmay_heptomino_d4
D:3:      hangedman_ru_absence, uniq_crazy_yiuf_cottage
D:4:      first_ration, nemelex_spade_bored_becter, uniq_blork_the_orc

Skill      XL: |  1  2  3  4  5  6 |
---------------+-------------------+-----
Axes           | 3 4 5 7 |  7.7
Fighting       | |  3.2
Armour         | |  3.2
Shields        | |  3.6

Action                   |  1- 3 |  4- 6 |  7- 9 || total
-------------------------+-------+-------+-------++-------
Melee: War axe           |   161 |   174 |    24 ||   359
  Use: Potion            |       |     1 |       ||     1
  Eat: Chunk             |       |     6 |     1 ||     7
Armor: Scale mail        |    31 |    68 |     4 ||   103
Dodge: Dodged            |    22 |    66 |     5 ||    93
Block: Shield            |    53 |    89 |     9 ||   151

Table legend:
 A = Spawn XP
 B = Non-spawn XP
 C = Spawn XP percentage of total XP
 D = Spawn monster count
 E = Non-spawn monster count
 F = Spawn count percentage of total count
 G = Total turns spent on level
                    A         B        C        D         E        F      G
               +---------+---------+-------+---------+---------+-------+---------
         Total |       0 |     754 |   0.0 |       0 |     101 |   0.0 |  2850
               +---------+---------+-------+---------+---------+-------+---------
           D:1 |       0 |      48 |   0.0 |       0 |      23 |   0.0 |   693
           D:2 |       0 |      71 |   0.0 |       0 |      28 |   0.0 |   431
           D:3 |       0 |     199 |   0.0 |       0 |      31 |   0.0 |   898
           D:4 |       0 |     436 |   0.0 |       0 |      19 |   0.0 |   828
               +---------+---------+-------+---------+---------+-------+---------
